 Dungeon Crawl Stone Soup version 0.27-a0-1200-g94dc6ad4cf (webtiles) character file.

Game seed: 10942446946589413141

130 deadleaves the Skirmisher (level 5, -2/42 (44) HPs)
             Began as a Human Berserker on May 31, 2021.
             Was a Priest of Trog.
             Slain by Crazy Yiuf
             ... wielding a +3 quarterstaff of chaos
              (11 damage)
             ... while paralysed by Crazy Yiuf
             ... on level 3 of the Dungeon.
             The game lasted 00:07:36 (2228 turns).

deadleaves the Skirmisher (Human Berserker)         Turns: 2228, Time: 00:07:36

HP:   -2/42 (44)    AC:  5    Str: 18    XL:     5   Next: 36%
MP:   5/5           EV:  2    Int:  7    God:    Trog [***...]
Gold: 94            SH:  0    Dex: 13    Spells: 4/4 levels left

rFire    . . .     SeeInvis +   m - +0 great mace
rCold    . . .     Faith    .   (shield currently unavailable)
rNeg     . . .     Spirit   .   h - +0 ring mail
rPois    .         Reflect  .   (no helmet)
rElec    .         Harm     .   (no cloak)
rCorr    .         Rampage  .   (no gloves)
Will     .....                  (no boots)
Stlth    +.........             (no amulet)
HPRegen  0.14/turn              b - ring of see invisible
MPRegen  0.09/turn              (no ring)

@: paralysed, lethally poisoned (-2 -> -6), on berserk cooldown, slowed, lightly
drained
A: no striking features
a: Renounce Religion, Berserk, Trog's Hand


You were on level 3 of the Dungeon.
You worshipped Trog.
Trog was most pleased with you.
You visited 1 branch of the dungeon, and saw 3 of its levels.

You collected 94 gold pieces.

Inventory:

Hand Weapons
 a - a +0 mace
 i - a +0 flail
 m - a +0 great mace (weapon)
Armour
 h - a +0 ring mail (worn)
Jewellery
 b - a ring of see invisible (left hand)
Scrolls
 d - a scroll of silence
 e - a scroll of holy word
 f - a scroll of brand weapon
 g - 2 scrolls of fog {unknown}
 j - a scroll of vulnerability
 k - a scroll of teleportation
Potions
 c - 2 potions of might {unknown}
 l - 2 potions of curing {unknown}


   Skills:
 + Level 5.5 Fighting
 - Level 3.0 Maces & Flails
 - Level 2.0 Armour
 - Level 2.0 Dodging
 - Level 1.0 Stealth


You had 4 spell levels left.
You didn't know any spells.
Your spell library contained the following spells:

 Spells                   Type           Power      Damage    Failure   Level
 Animate Skeleton         Necr           0%         N/A       63%         1
 Corona                   Hex            0%         N/A       63%         1
 Pain                     Necr           0%         1d4       63%         1
 Ensorcelled Hibernation  Hex/Ice        0%         N/A       77%         2
 Confusing Touch          Hex            0%         N/A       94%         3
 Dazzling Flash           Conj/Hex       0%         N/A       94%         3
 Tukima's Dance           Hex            0%         N/A       94%         3
 Vampiric Draining        Necr           0%         2d6       94%         3
 Animate Dead             Necr           0%         N/A       100%        4
 Agony                    Necr           0%         N/A       100%        5


Dungeon Overview and Level Annotations

Branches:
Dungeon (3/15)

Altars:
Uskayaw

Annotations:
D:3 3 runed translucent doors, Crazy Yiuf; louisi3's ghost, amateur SpAr


Message History

You start waiting.
You feel yourself speed up.
You start waiting.
You recover from your berserk rage.
A frilled lizard comes into view.
You closely miss the frilled lizard. The frilled lizard barely misses you.
The frilled lizard misses you.
You sock the frilled lizard!
You kill the frilled lizard!
Trog accepts your kill.
No target in view!
You see here a frilled lizard corpse.
You see here a +0 short sword.
Found a stone staircase leading down.
You now have 94 gold pieces (gained 9).
Found a mace.
Found a runed translucent door.
Crazy Yiuf shouts!
A red film seems to cover your vision as you go berserk!
You feel yourself moving faster!
You feel mighty!
The door flies open with a bang!
You feel a strong urge to attack something.
You barely miss Crazy Yiuf.
Crazy Yiuf hits you with a +3 quarterstaff of chaos!
You sock Crazy Yiuf!
Crazy Yiuf is almost dead.
Crazy Yiuf hits you with a +3 quarterstaff of chaos.
You suddenly lose the ability to move!
Crazy Yiuf hits you with a +3 quarterstaff of chaos!
You feel drained.
Crazy Yiuf hits you with a +3 quarterstaff of chaos.
You are poisoned.
You feel sick.
Crazy Yiuf hits you with a +3 quarterstaff of chaos!
Crazy Yiuf burns you.
* * * LOW HITPOINT WARNING * * *
You are no longer berserk.
You feel yourself slow down.
You feel sick.
Crazy Yiuf says, "Adder!
Hack childish ena."
Crazy Yiuf hits you with a +3 quarterstaff of chaos!
You die...

#.#.....)...# #.##.....#
#.#############.#......#
#.# #...#....>.# ###
##### ##.........# #..)#
#..........# #...#
#.########## ... #.# #g#
#.# ##@# #.# #.## #.#
##.# #.# #.## #.# ##.##
#.# #...## #.# #....#
#.# #....# #.#
#....####.#


You could see Crazy Yiuf.

Vanquished Creatures
  A water moccasin zombie (D:3)
  2 worms
  2 dart slugs
  An orc (D:2)
  3 endoplasms
  5 giant cockroaches
  5 goblins (D:3)
  2 hobgoblins
  8 jackals
  7 kobolds
  A quokka (D:2)
  10 ball pythons
  9 bats
  4 frilled lizards
  10 rats (D:1)
70 creatures vanquished.

Notes
Turn   | Place    | Note
-------+----------+-------------------------------------------
     0 | D:1      | deadleaves the Human Berserker began the quest for the Orb.
     0 | D:1      | Reached XP level 1. HP: 18/18 MP: 1/1
   163 | D:1      | Reached XP level 2. HP: 24/24 MP: 2/2
   411 | D:1      | Reached XP level 3. HP: 30/30 MP: 3/3
   426 | D:1      | Reached ** piety under Trog
   466 | D:1      | Reached skill level 4 in Fighting
  1007 | D:2      | Reached skill level 1 in Stealth
  1210 | D:2      | Reached XP level 4. HP: 38/38 MP: 4/4
  1642 | D:3      | Found a faded altar of an unknown god.
  1652 | D:3      | Reached *** piety under Trog
  1709 | D:3      | Found a hide-covered altar of Uskayaw.
  1722 | D:3      | Found a runed translucent gate.
  1722 | D:3      | Found a runed translucent gate.
  1722 | D:3      | Found a runed translucent gate.
  1751 | D:3      | Noticed louisi3's ghost (amateur SpAr)
  1996 | D:3      | Reached skill level 5 in Fighting
  1996 | D:3      | Reached XP level 5. HP: 44/44 MP: 5/5
  2216 | D:3      | Found a runed translucent door.
  2217 | D:3      | Noticed Crazy Yiuf
  2224 | D:3      | Paralysed by Crazy Yiuf for 7 turns
  2228 | D:3      | Slain by Crazy Yiuf

Illustrated notes

Levels and vault maps discovered:
D:1:      shiori_arrival_elements, layout_basic, minmay_misc_feat_rows,
          minmay_rat_gold_closets
D:2:      layout_basic, grunt_decor_junction
D:3:      layout_basic, overflow_temple_1_default,
          hellmonk_ecumenical_altar_zigzags, gammafunk_ghost_icy,
          uniq_crazy_yiuf_cottage

Skill      XL: |  1  2  3  4 |
---------------+-------------+-----
Fighting       | 4 5 |  5.5
Stealth        | 1 |  1.0
Maces & Flails | |  3.0
Armour         | |  2.0
Dodging        | |  2.0

Action                   |  1- 3 |  4- 6 || total
-------------------------+-------+-------++-------
Melee: Mace              |    49 |       ||    49
       Flail             |    53 |    21 ||    74
       Great mace        |       |    57 ||    57
Invok: Berserk           |     5 |     4 ||     9
  Use: Scroll            |     4 |     2 ||     6
 Stab: Sleeping          |     1 |       ||     1
Armor: Leather armour    |     1 |       ||     1
       Ring mail         |    27 |    39 ||    66
Dodge: Dodged            |    73 |    46 ||   119

Table legend: (Time is in decaauts)
 A = Elapsed time spent in this place.
 B = Non-inter-level travel time spent in this place.
 C = Inter-level travel time spent in this place.
 D = Time resting spent in this place.
 E = Time spent auto-exploring this place.
 F = Levels seen in this place.
 G = Mean time per level.
                   A        B        C        D        E       F      G
               +--------+--------+--------+--------+--------+-----+--------+
         Total |   2362 |   2340 |     22 |    323 |   1371 |   3 |  787.3 |
       Dungeon |   2362 |   2340 |     22 |    323 |   1371 |   3 |  787.3 |
               +--------+--------+--------+--------+--------+-----+--------+

Top non-repeatable levels by time:
     D:3: 839 daAuts
     D:2: 819 daAuts
     D:1: 704 daAuts
